 Dungeon Crawl Stone Soup version 0.29.1-12-g30fa7ad0bf (webtiles) character file.

Game seed: 10910387860625736296

44 ChrisAssaf the Ruffian (level 3, 0/34 HPs)
             Began as a Naga Chaos Knight on Jan 2, 2023.
             Was a Plaything of Xom.
             Slain by a gnoll
             ... wielding a +0 club
              (3 damage)
             ... on level 5 of the Dungeon.
             The game lasted 00:06:44 (1471 turns).

ChrisAssaf the Ruffian (Naga Chaos Knight)          Turns: 1471, Time: 00:06:45

Health: 0/34       AC:  6    Str: 14    XL:     3   Next: 60%
Magic:  3/3        EV:  4    Int: 14    God:    Xom [..*...]
Gold:   82         SH:  0    Dex: 10    Spells: 2/2 levels left

rFire   . . .      SeeInvis +     - Unarmed
rCold   . . .      Faith    .   (no shield)
rNeg    . . .      Spirit   .   f - +1 chain mail
rPois   +          Reflect  .   (no helmet)
rElec   .          Harm     .   (no cloak)
rCorr   .          Rampage  .   (no gloves)
Will    .....                   (no barding)
Stlth   ..........              (no amulet)
HPRegen 0.11/turn               (no ring)
MPRegen 0.08/turn               (no ring)

@: short of breath, attractive, very slow
A: AC +1, large, see invisible, deformed body, poison resistance, slowness 2,
spit poison 1, naga tail 1
a: Spit Poison, Renounce Religion


You were on level 5 of the Dungeon.
You worshipped Xom.
You were a toy of Xom.
You visited 1 branch of the dungeon, and saw 4 of its levels.

You collected 82 gold pieces.

Inventory:

Missiles
 c - a poisoned dart (quivered)
 i - 5 curare-tipped darts
Armour
 a - a +2 leather armour
 f - a +1 chain mail (worn)
Miscellaneous
 b - a piece from Xom's chessboard (5/15)


   Skills:
 * Level 3.2 Fighting
 * Level 0.5 Throwing
 * Level 2.0 Armour
 * Level 1.0 Dodging
 * Level 1.1 Stealth
 * Level 3.3 Unarmed Combat
 * Level 0.4 Spellcasting
 * Level 0.3 Evocations


You had 2 spell levels left.
You didn't know any spells.
Your spell library contained the following spells:

 Spells                   Type           Power      Damage    Failure   Level
 Blink                    Tloc           0%         N/A       100%        2
 Lesser Beckoning         Tloc           0%         N/A       100%        3
 Manifold Assault         Tloc           0%         N/A       100%        5
 Storm Form               Tmut/Air       0%         N/A       100%        7


Dungeon Overview and Level Annotations

Branches:
Dungeon (3/15)

Altars:

Annotations:
D:2 Robin


Innate Abilities, Weirdness & Mutations

Your serpentine skin is tough. (AC +1)
You have supernaturally acute eyesight. (SInv)
Armour fits poorly on your strangely shaped body.
Your system is resistant to poisons. (rPois)
You cover ground very slowly.
You can spit poison.
You have a snake-like lower body.


Message History

You kill the gnoll!
The gnoll barely misses you.
Your piece from Xom's chessboard (6/15) has regained one charge.
Your Armour skill increases to level 2!
Your Stealth skill increases to level 1!
Your butterfly disappears in a puff of smoke!
You have got your breath back.
The gnoll looks more healthy.
The gnoll hits you from afar with a +0 spear!
* * * LOW HITPOINT WARNING * * *
Found 8 gold pieces.
Your butterfly disappears in a puff of smoke!
The gnoll hits you from afar with a +0 spear.
* * * LOW HITPOINT WARNING * * *
Aiming: Spit Poison (2% risk of failure)
Press: ? - help, Shift-Dir - straight line, f - gnoll
Aim: a gnoll, wielding a +0 spear (almost dead, 65% to hit)
The splash of poison hits the gnoll!
You kill the gnoll!
Okay, then.
As you read the scroll labelled UPLAWU BEPI, it crumbles to dust.
It is a scroll of enchant armour.
Your +0 chain mail glows green for a moment.
It was a potion of attraction.
You feel attractive to monsters.
Xom thinks this is hilarious!
The gnoll barely misses you.
It was a potion of curing.
You feel better.
Xom thinks this is hilarious!
The gnoll completely misses you.
You make a move on Xom's chessboard...
The gnoll seems to slow down.
The gnoll hits you with a +0 club.
* * * LOW HITPOINT WARNING * * *
You have got your breath back.
The gnoll is attracted toward you.
Aiming: Spit Poison (2% risk of failure)
Press: ? - help, Shift-Dir - straight line, f - gnoll
Aim: a gnoll, wielding a +0 club (slow, 65% to hit)
The splash of poison misses the gnoll.
The gnoll hits you with a +0 club.
You die...

# # .# #. #.# .#
#..# .###.. #.#.#
#@.# #g.###.#
#ยง...$.# #)######
###.#### #......#
.####.#.##.#########
.........#.........#
.####.#........###.#


You could see a gnoll (slow).

Vanquished Creatures
  2 gnolls (D:5)
  2 ball pythons
  A bat (D:2)
  2 endoplasms (D:1)
  A giant cockroach (D:1)
  2 goblins
  5 hobgoblins
  2 quokkas
  3 kobolds (D:1)
  A rat (D:1)
21 creatures vanquished.

Notes
Turn   | Place    | Note
-------+----------+-------------------------------------------
     0 | D:1      | ChrisAssaf the Naga Chaos Knight began the quest for the
                  | Orb.
     0 | D:1      | Reached XP level 1. HP: 21/21 MP: 1/1
    37 | D:1      | XOM: silly message
   190 | D:1      | XOM: silly message
   567 | D:1      | Reached XP level 2. HP: 26/28 MP: 2/2
   572 | D:1      | XOM: silly message
   579 | D:1      | Reached skill level 1 in Dodging
   624 | D:1      | Found a faded altar of an unknown god.
   861 | D:2      | Noticed Robin
  1379 | D:2      | Reached XP level 3. HP: 34/34 MP: 3/3
  1421 | D:3      | You fall into a shaft and drop 2 floors!
  1421 | D:5      | Entered Level 5 of the Dungeon
  1448 | D:5      | XOM: butterfly on damage
  1459 | D:5      | Reached skill level 1 in Stealth
  1471 | D:5      | Slain by a gnoll

Illustrated notes

Levels and vault maps discovered:
D:1:      dpeg_arrival_rhombus, layout_basic,
          hellmonk_ecumenical_altar_heavens_door
D:2:      layout_loops_ring, minmay_quadrilaterals, uniq_robin
D:3:      layout_basic
D:5:      layout_loops_corners, mainiacjoe_overflow_six_doors_small,
          minmay_fractal_squares_diagonal_5

Skill      XL: |  1  2  3 |
---------------+----------+-----
Dodging        | 1 |  1.0
Armour         | 2 |  2.0
Stealth        | 1 |  1.1
Fighting       | |  3.2
Throwing       | |  0.5
Unarmed Combat | |  3.3
Spellcasting   | |  0.4
Evocations     | |  0.3

Action                   || total
-------------------------++-------
Melee: Unarmed           ||     6
Throw: Dart              ||    10
 Abil: Spit Poison       ||    33
Evoke: Piece from Xom's  ||    13
  Use: Scroll            ||     3
       Potion            ||     2
 Stab: Confused          ||     1
       Sleeping          ||     1
Armor: Chain mail        ||    33
       Leather armour    ||     2
Dodge: Dodged            ||    27
